 Dungeon Crawl Stone Soup version 0.27-a0-906-g0a00ce863d (webtiles) character file.

Game seed: 14123634311724804018

77 jestyr24 the Shield-Bearer (level 4, -3/40 HPs)
             Began as a Minotaur Fighter on Apr 8, 2021.
             Was a Believer of Fedhas.
             Killed by divine providence
             ... invoked by an orc priest
              (7 damage)
             ... on level 3 of the Dungeon.
             The game lasted 00:04:26 (1929 turns).

jestyr24 the Shield-Bearer (Minotaur Fighter)       Turns: 1929, Time: 00:04:27

Health: -3/40      AC:  7    Str: 22    XL:     4   Next: 14%
Magic:  12/12      EV:  7    Int:  5    God:    Fedhas [**....]
Gold:   49         SH:  0    Dex:  9    Spells: 3/3 levels left

rFire    . . .     SeeInvis .   a - +0 long sword
rCold    . . .     Faith    .   c - +0 kite shield
rNeg     . . .     Spirit   .   b - +0 scale mail
rPois    .         Reflect  .   (helmet restricted)
rElec    .         Harm     .   (no cloak)
rCorr    .         Rampage  .   (no gloves)
Will     .....                  (no boots)
Stlth    ..........             l - amulet of magic regeneration
HPRegen  0.13/turn              n - ring of magical power
MPRegen  0.38/turn              (no ring)

@: confused
A: horns 2, retaliatory headbutt
a: Renounce Religion, Wall of Briars


You were on level 3 of the Dungeon.
You worshipped Fedhas.
Fedhas was pleased with you.
You visited 1 branch of the dungeon, and saw 3 of its levels.

You collected 49 gold pieces.

Inventory:

Hand Weapons
 a - a +0 long sword (weapon)
 m - a +0 dagger of draining
 o - a +1 hunting sling of freezing
Armour
 b - a +0 scale mail (worn)
 c - a +0 kite shield (worn)
Jewellery
 l - an amulet of magic regeneration (around neck)
 n - a ring of magical power (left hand)
Scrolls
 e - 2 scrolls of fog {unknown}
 h - a scroll of teleportation {unknown}
 j - 3 scrolls of identify {unknown}
 k - 2 scrolls of enchant armour {unknown}
Potions
 d - a potion of might
 f - a potion of curing {unknown}
 g - a potion of heal wounds {unknown}
 i - a potion of cancellation {unknown}


   Skills:
 + Level 4.0 Fighting
 + Level 3.4 Long Blades
 + Level 4.3 Armour
 + Level 0.5 Dodging
 + Level 0.1 Stealth
 + Level 4.4 Shields


You had 3 spell levels left.
You didn't know any spells.
Your spell library was empty.

Dungeon Overview and Level Annotations

Branches:
Dungeon (3/15)

Altars:
Fedhas

Shops:
D:1 (=


Innate Abilities, Weirdness & Mutations

You have a pair of horns on your head.
You reflexively headbutt those who attack you in melee.


Message History

Fedhas appreciates your contribution to the ecosystem.
The orc wizard casts a spell at itself.
The orc wizard flickers and vanishes!
Deactivating autopickup; reactivate with Ctrl-A.
You barely miss the jackal. You headbutt the jackal.
You kill the jackal!
Fedhas appreciates your contribution to the ecosystem.
A goblin comes into view. It is wielding a +0 dagger.
You closely miss something.
The goblin shouts!
You hear some strange, mumbled words.
A puff of flame appears from out of thin air!
You block the puff of flame. Something hits you but does no damage.
You completely miss something. Your headbutt misses something.
Something hits you.
The orc priest calls down the wrath of Beogh upon you.
Beogh smites you!
You hit something. You block something's attack.
Something hits you but does no damage.
You miss something. Something completely misses you.
You miss something.
You hear some strange, mumbled words.
You are confused.
Something hits you.
You miss something.
You hear some strange, mumbled words.
You are more confused.
You bump into the rock wall.
You hear some strange, mumbled words.
You are more confused.
You miss something. You headbutt something! Something hits you.
The orc priest calls down the wrath of Beogh upon you.
Beogh smites you!
* * * LOW HITPOINT WARNING * * *
Something hits you but does no damage.
You bump into the rock wall.
Something hits you.
* * * LOW HITPOINT WARNING * * *
The orc priest calls down the wrath of Beogh upon you.
Beogh smites you!
You die...
Fedhas appreciates your contribution to the ecosystem.

.. ##.##### #
#......
##.#.....#
...#.....#
......#..#
#.....#
#...<.#
#.###.@..##
#.oo{.....#
.....g##..(.##
..... #.....#
.... #..#.##
... #.....# ..
##.#.## .
..#.# ### #


You could see an orc priest, an orc and a goblin.

Vanquished Creatures
  A hound (D:2)
  A worm (D:2)
  2 orcs (D:3)
  4 endoplasms
  3 goblins (D:2)
  A hobgoblin (D:1)
  8 jackals
  A kobold (D:2)
  A quokka (D:2)
  3 ball pythons
  5 bats (D:2)
  2 frilled lizards
  7 rats
39 creatures vanquished.

Notes
Turn   | Place    | Note
-------+----------+-------------------------------------------
     0 | D:1      | jestyr24 the Minotaur Fighter began the quest for the Orb.
     0 | D:1      | Reached XP level 1. HP: 19/19 MP: 0/0
   122 | D:1      | Found Tattool's Antique Weapon Emporium.
   202 | D:1      | Found a faded altar of an unknown god.
   218 | D:1      | Became a worshipper of Fedhas Madash
   218 | D:1      | Reached * piety under Fedhas
   318 | D:1      | Reached XP level 2. HP: 24/27 MP: 1/1
   523 | D:1      | Found Jocwexuol's Jewellery Shoppe.
  1155 | D:2      | Reached XP level 3. HP: 32/33 MP: 2/2
  1239 | D:2      | Reached ** piety under Fedhas
  1542 | D:2      | Reached XP level 4. HP: 40/40 MP: 3/3
  1929 | D:3      | Killed from afar by an orc priest

Illustrated notes

Levels and vault maps discovered:
D:1:      minmay_arrival_stone_box, layout_loops_corners,
          basic_ecumenical_altar, serial_shops, shop, shop,
          minmay_misc_feat_nine_boxes, minmay_unequal
D:2:      layout_basic
D:3:      layout_basic, tso_altar, yredelemnul_forgotten_temple_becter,
          nzn_wu_jian_contemplation, gammafunk_temple_overflow_forgotten

Skill      XL: |  1  2  3 |
---------------+----------+-----
Shields        | 4 |  4.4
Armour         | 4 |  4.3
Fighting       | 4 |  4.0
Long Blades    | 3 |  3.4
Dodging        | |  0.5
Stealth        | |  0.1

Action                   |  1- 3 |  4- 6 || total
-------------------------+-------+-------++-------
Melee: Long sword        |    57 |    19 ||    76
       Headbutt          |     8 |     3 ||    11
Armor: Scale mail        |    39 |     9 ||    48
Dodge: Dodged            |    22 |     2 ||    24
Block: Kite shield       |    34 |     5 ||    39
       Rpst.: Long sword |     7 |       ||     7

Table legend: (Time is in decaauts)
 A = Elapsed time spent in this place.
 B = Non-inter-level travel time spent in this place.
 C = Inter-level travel time spent in this place.
 D = Time resting spent in this place.
 E = Time spent auto-exploring this place.
 F = Levels seen in this place.
 G = Mean time per level.
                   A        B        C        D        E       F      G
               +--------+--------+--------+--------+--------+-----+--------+
         Total |   1964 |   1888 |     76 |     22 |   1515 |   3 |  654.7 |
       Dungeon |   1964 |   1888 |     76 |     22 |   1515 |   3 |  654.7 |
               +--------+--------+--------+--------+--------+-----+--------+

Top non-repeatable levels by time:
     D:2: 966 daAuts
     D:1: 959 daAuts
     D:3: 37 daAuts
